 Dungeon Crawl Stone Soup version 0.31-a0-765-g67fe2935dc (webtiles) character file.

Game seed: 13009420632220863723

25349 CowFu the Markskobold (level 13, -23/86 HPs)
             Began as a Kobold Hunter on Sept 16, 2023.
             Was a High Priest of Okawaru.
             Annihilated by Rupert
             ... wielding a +1 heavy great sword
              (45 damage)
             ... on level 13 of the Dungeon.
             The game lasted 00:18:59 (12633 turns).

CowFu the Markskobold (Kobold Hunter)              Turns: 12633, Time: 00:19:00

Health: -23/86     AC: 13    Str: 15    XL:     13   Next: 49%
Magic:  16/16      EV: 25    Int: 11    God:    Okawaru [*****.]
Gold:   777        SH:  0    Dex: 23    Spells: 12/12 levels left

rFire   . . .        a - +1 orcbow (heavy)
rCold   . . .        (shield currently unavailable)
rNeg    . . .        O - +3 robe of Clouds {*Thunder rCloud rElec}
rPois   +            E - +2 helmet
rElec   +            i - +0 cloak
rCorr   .            (no gloves)
SInv    .            (no boots)
Will    .....        h - amulet of regeneration
Stlth   +++++++      d - +4 ring of protection
HPRegen 1.14/turn    H - ring "Neatoale" {rPois Str+7}
MPRegen 0.15/turn

%: no passive effects
@: no status effects
A: small, no large weapons, nightstalker 3
a: Renounce Religion, Heroism, Finesse, Duel


You were on level 13 of the Dungeon.
You worshipped Okawaru.
Okawaru was extremely pleased with you.
You visited 2 branches of the dungeon, and saw 15 of its levels.
You also visited: Bailey.

You collected 777 gold pieces.

Inventory:

Hand Weapons
 a - a +1 heavy orcbow (weapon)
 b - a +0 vampiric dagger
 f - a +0 shortbow
 g - the +0 sling "Conservator" {elec, *Corrode Dex+5 SInv}
   (You found it on level 5 of the Dungeon)

   Dex+5:     It affects your dexterity (+5).
   SInv:      It lets you see invisible.
   *Corrode:  It may corrode you when you take damage.
 M - a +2 rapier of chaos
Armour
 i - a +0 cloak (worn)
 r - a +1 kite shield
 v - a +2 robe of fire resistance
 y - the +1 leather armour "Daneag" {Harm rN+}
   (You found it on level 6 of the Dungeon)

   rN+:       It protects you from negative energy.
   Harm:      It increases damage dealt and taken.
 E - a +2 helmet (worn)
 O - the +3 robe of Clouds (worn) {*Thunder rCloud rElec}
   (You found it in a bailey)

   *Thunder:  It occasionally creates storm clouds above nearby enemies.
   rCloud:    It grants its wearer immunity to clouds.
   rElec:     It insulates you from electricity.
 P - a +0 buckler of resistance
Jewellery
 d - a +4 ring of protection (left hand)
 h - an amulet of regeneration (around neck)
 t - the ring "Muebiz" {Wiz Dex+3}
   (You took it off a deep elf pyromancer on level 8 of the Dungeon)

   [ring of wizardry]

   Wiz:       It improves your spell success rate.
   Dex+3:     It affects your dexterity (+3).
 G - a +6 ring of strength
 H - the ring "Neatoale" (right hand) {rPois Str+7}
   (You took it off a tengu conjurer on level 8 of the Dungeon)

   [ring of poison resistance]

   Str+7:     It affects your strength (+7).
   rPois:     It protects you from poison
 I - the ring of Fosu {Fire Int+5}
   (You found it on level 8 of the Dungeon)

   [ring of fire]

   Fire:      It enhances your fire magic.
   Int+5:     It affects your intelligence (+5).
   rF+:       It protects you from fire.
   rC-:       It makes you vulnerable to cold.
 J - the ring "Pexucaoco" {Str+3 Int+6}
   (You found it on level 8 of the Dungeon)

   [ring of intelligence]

   Str+3:     It affects your strength (+3).
   Int+6:     It affects your intelligence (+6).
Wands
 c - a wand of paralysis (14)
 m - a wand of mindburst (24)
 s - a wand of light (13)
 u - a wand of flame (28)
 C - a wand of polymorph (17)
 L - a wand of iceblast (5)
 U - a wand of digging (2)
Scrolls
 k - 4 scrolls of noise
 l - 3 scrolls of blinking
 p - 6 scrolls of fog
 x - 4 scrolls of vulnerability
 F - 2 scrolls of butterflies
 K - a scroll of fear
 Q - 4 scrolls of teleportation
 R - a scroll of enchant weapon
 T - a scroll of identify
 V - a scroll of amnesia
 W - a scroll of revelation
 X - 2 scrolls of enchant armour
Potions
 e - a potion of mutation
 j - 4 potions of lignification
 n - 3 potions of might
 o - 2 potions of degeneration
 q - 3 potions of magic
 w - 3 potions of enlightenment
 z - 3 potions of haste {unknown}
 A - 2 potions of berserk rage {unknown}
 B - 2 potions of cancellation {unknown}
 D - 4 potions of brilliance {unknown}
 N - 2 potions of invisibility {unknown}
 S - a potion of heal wounds


   Skills:
 - Level 12.0 Fighting
 - Level 16.0 Ranged Weapons
 - Level 12.0 Dodging
 - Level 14.0 Stealth
 + Level 4.7 Invocations
 + Level 5.1 Evocations


You had 12 spell levels left.
You didn't know any spells.
Your spell library contained the following spells:

 Spells                   Type           Power      Damage    Failure   Level
 Freeze                   Ice            0%         1d3       34%         1
 Magic Dart               Conj           0%         1d3       34%         1
 Shock                    Conj/Air       0%         1d3       34%         1
 Cigotuvi's Dreadful Rot  Necr/Pois/Air  0%         N/A       47%         2
 Dazzling Flash           Conj/Hex       0%         N/A       71%         3
 Frozen Ramparts          Ice            0%         1d1       71%         3
 Hailstorm                Conj/Ice       0%         3d3       71%         3
 Mephitic Cloud           Conj/Pois/Air  0%         N/A       71%         3
 Stone Arrow              Conj/Erth      0%         3d7       71%         3
 Swiftness                Air            0%         N/A       71%         3
 Volatile Blastmotes      Fire/Tloc      0%         2d10      71%         3
 Airstrike                Air            0%         2d(0-16)  98%         4
 Dispel Undead            Necr           0%         3d6       98%         4
 Passage of Golubria      Tloc           0%         N/A       98%         4
 Agony                    Necr           0%         N/A       100%        5
 Silence                  Hex/Air        0%         N/A       100%        5
 Yara's Violent Unravell  Hex/Tmut       0%         3d3       100%        5
 Starburst                Conj/Fire      0%         6d3       100%        6
 Lehudib's Crystal Spear  Conj/Erth      0%         10d2      100%        8
 Maxwell's Capacitive Co  Air            0%         ∞         100%        8
 Call Imp                 Summ           Unusable   N/A       N/A         2
 Tukima's Dance           Hex            Unusable   N/A       N/A         3
 Animate Armour           Summ/Erth      Unusable   N/A       N/A         4
 Death Channel            Necr           Unusable   N/A       N/A         6

Dungeon Overview and Level Annotations

Branches:
Dungeon (14/15)            Temple (1/1) D:4            Lair (0/5) D:10
    Orc (0/2) D:12         Bailey (visited)
 Vaults: D:13-14

Altars:
Ashenzari
Cheibriados
Dithmenos
Elyvilon
Fedhas
Gozag
Hepliaklqana
Kikubaaqudgha
Makhleb
Nemelex Xobeh
Okawaru
Qazlal
Ru
Sif Muna
Trog
Uskayaw
Vehumet
Wu Jian
Xom
Yredelemnul
Zin
The Shining One

Shops:
D:3 (   D:4 [   D:5 =   D:9 =

Annotations:
D:8 2 runed translucent doors
D:13 Rupert


Innate Abilities, Weirdness & Mutations

You are small and have problems with some larger weapons.
You are completely attuned to the shadows.


Message History

Okawaru accepts your kill.
No target in view!
No target in view!
You open the door.
There is an open door here.
You open the door.
There is an open door here.
Rupert the Wild comes into view.
He is wielding a +1 heavy great sword and wearing a +2 leather armour of cold resistance.
You shoot an arrow. The arrow hits Rupert.
Rupert is lightly wounded.
Rupert is nearby!
You shoot an arrow. The arrow hits Rupert!!
Rupert is moderately wounded.
Rupert roars madly and goes into a rage!
Rupert goes berserk!
Rupert is nearby!
You shoot an arrow. The arrow hits Rupert!!
Rupert is moderately wounded.
You hear a shout!
You shoot an arrow. The arrow hits Rupert!
Rupert is moderately wounded.
Rupert completely misses you.
You shoot an arrow. The arrow barely misses Rupert.
Rupert closely misses you.
You shoot an arrow. The arrow closely misses Rupert.
Rupert hits you with a +1 heavy great sword!!
You shoot an arrow. The arrow closely misses Rupert.
Rupert hits you with a +1 heavy great sword!!!
* * * LOW HITPOINT WARNING * * *
You are too injured to fight recklessly!
You are too injured to fight recklessly!
You are too injured to fight recklessly!
Fire: a) +1 orcbow (heavy)
Press: ? - help, Q - select action, (/) - cycle Shift-Dir - straight line, f/p - Rupert
Aim: Rupert, wielding a +1 heavy great sword and wearing a +2 leather armour of cold resistance (moderately wounded, berserk, 72% to hit)
You shoot an arrow. The arrow hits Rupert!!
Rupert is heavily wounded.
Rupert hits you with a +1 heavy great sword!!!
Ouch! That really hurt!
You die...
Rupert roars with triumph.

..........# #....#
........#.####....#
........#...##....#
..........#..'....#
....#....####....+
...#.#....###....#
..#.#.#....###+#####
#.#.#.#....##.....#
## #.#@#....#####.##
#.
#.#@#.#..........###.
.#.#.#.#...........#.
#.#.#.#.#........#.'.
.#.#.#.#.#.......###.
.#.#........# #.
.....# #. #. ##


You could see Rupert (berserk).

Vanquished Creatures
  A catoblepas (D:8)
  3 boulder beetles
  A dancing weapon (D:14)
  A centaur warrior (D:12)
  5 two-headed ogres
  The ghost of ooooo the Conjurer, a novice OpCj of Gozag (D:9)
  2 deep elf pyromancers
  An ugly thing (D:8)
  3 oklob plants
  A manticore (D:12)
  A cyclops (D:14)
  3 gargoyles
  2 kobold demonologists (D:9)
  An efreet (D:14)
  An unseen horror (D:10)
  3 komodo dragons
  A tengu conjurer (D:8)
  3 trolls
  A hornet (D:11)
  A vampire (Bailey)
  3 wyverns
  2 wraiths
  18 yaks
  8 vampire mosquitoes
  A steam dragon (D:7)
  An acid dragon (D:13)
  A floating eye (D:12)
  A water moccasin (D:6)
  6 orc warriors
  2 ice beasts
  A sky beast (D:8)
  4 black bears
  2 ogres
  9 centaurs
  A phantom (D:4)
  Blork the orc (D:4)
  12 kobold brigands
  2 gnoll sergeants
  6 bullfrogs
  3 scorpions
  3 wights (D:8)
  12 killer bees
  6 howler monkeys
  8 vampire bats (Bailey)
  7 wolf zombies (Bailey)
  4 crimson imps (D:10)
  4 orc priests
  4 jellies
  3 hounds
  A gnoll bouda (D:4)
  3 iguanas
  A sleepcap (D:6)
  16 orc wizards
  7 adders
  13 gnolls
  4 shadow imps
  2 white imps (D:10)
  An ufetubus (D:6)
  4 worms
  6 dart slugs
  40 orcs
  6 bats
  17 endoplasms
  3 giant cockroaches
  9 goblins
  9 hobgoblins
  15 jackals
  20 kobolds
  6 quokkas
  8 ball pythons
  3 frilled lizards
  20 orc zombies (Bailey)
  8 rats
393 creatures vanquished.

Vanquished Creatures (others)
  A crimson imp (D:10)
1 creature vanquished.

Grand Total: 394 creatures vanquished

Notes
Turn   | Place    | Note
-------+----------+-------------------------------------------
     0 | D:1      | CowFu the Kobold Hunter began the quest for the Orb.
     0 | D:1      | Reached XP level 1. HP: 12/12 MP: 1/1
   102 | D:1      | Reached XP level 2. HP: 17/17 MP: 2/2
   104 | D:1      | Reached skill level 6 in Ranged Weapons
   256 | D:1      | Reached XP level 3. HP: 15/21 MP: 3/3
   733 | D:2      | Reached skill level 7 in Ranged Weapons
   755 | D:2      | Reached XP level 4. HP: 26/26 MP: 4/4
  1149 | D:2      | Reached XP level 5. HP: 28/30 MP: 5/5
  1233 | D:2      | Reached skill level 8 in Ranged Weapons
  1836 | D:3      | Found Xaruotey's Weapon Boutique.
  2158 | D:3      | Reached XP level 6. HP: 17/35 MP: 6/6
  2324 | D:4      | Reached skill level 9 in Ranged Weapons
  2438 | D:4      | Found Ujoesaeh's Antique Armour Boutique.
  2568 | D:4      | Noticed a black bear
  2584 | D:4      | Killed a black bear
  2585 | D:4      | Reached skill level 10 in Ranged Weapons
  2585 | D:4      | Reached XP level 7. HP: 23/40 MP: 7/7
  2784 | D:4      | Noticed Blork the orc
  2799 | D:4      | Killed Blork the orc
  2947 | D:4      | Reached skill level 11 in Ranged Weapons
  3080 | D:4      | Noticed a yak
  3080 | D:4      | Noticed a yak
  3082 | D:4      | Noticed a yak
  3325 | D:5      | Entered Level 5 of the Dungeon
  3472 | D:5      | Found Vucumour's Jewellery Boutique.
  3591 | D:5      | Reached skill level 12 in Ranged Weapons
  3591 | D:5      | Reached XP level 8. HP: 44/44 MP: 8/8
  3686 | D:5      | Identified the +0 sling "Conservator" {elec, *Corrode Dex+5
                  | SInv}
  4372 | D:6      | Reached skill level 13 in Ranged Weapons
  4590 | D:6      | Reached skill level 14 in Ranged Weapons
  4628 | D:6      | Identified the +1 leather armour "Daneag" {Harm rN+}
  4645 | D:6      | Reached XP level 9. HP: 48/48 MP: 9/9
  4829 | D:6      | Found a snail-covered altar of Cheibriados.
  4831 | D:6      | Found a sacrificial altar of Ru.
  5141 | D:7      | Reached skill level 15 in Ranged Weapons
  5483 | D:7      | HP: 1/48 [killer bee (7)]
  5759 | D:7      | Reached skill level 16 in Ranged Weapons
  6053 | D:7      | Found a shimmering blue altar of Sif Muna.
  6369 | D:8      | Reached XP level 10. HP: 30/56 MP: 10/10
  6371 | D:8      | Reached skill level 5 in Stealth
  6375 | D:8      | Reached skill level 5 in Dodging
  6497 | D:8      | Found a stormy altar of Qazlal.
  6786 | D:8      | Reached skill level 5 in Fighting
  6839 | D:8      | Noticed a catoblepas
  6863 | D:8      | Killed a catoblepas
  6871 | D:8      | Noticed a two-headed ogre
  6873 | D:8      | Killed a two-headed ogre
  6880 | D:8      | Reached XP level 11. HP: 48/66 MP: 11/11
  6909 | D:8      | Noticed a green ugly thing
  6939 | D:8      | Noticed a boulder beetle
  6949 | D:8      | Killed a boulder beetle
  6952 | D:8      | Killed a green ugly thing
  6958 | D:8      | Identified the ring "Muebiz" {Wiz Dex+3}
  6958 | D:8      | Noticed a deep elf pyromancer
  6960 | D:8      | Killed a deep elf pyromancer
  6992 | D:8      | Found a runed translucent door.
  6994 | D:8      | Noticed a five-headed hydra
  6995 | D:8      | Found a runed translucent door.
  7018 | D:8      | Identified the ring "Neatoale" {rPois Str+7}
  7041 | D:8      | Identified the ring of Fosu {Fire Int+5}
  7043 | D:8      | Noticed a two-headed ogre
  7046 | D:8      | Killed a two-headed ogre
  7047 | D:8      | Reached skill level 10 in Stealth
  7054 | D:8      | Identified the ring "Pexucaoco" {Str+3 Int+6}
  7288 | D:8      | Noticed a boulder beetle
  7325 | D:8      | Killed a boulder beetle
  7438 | D:4      | Found a staircase to the Ecumenical Temple.
  7471 | Temple   | Entered the Ecumenical Temple
  7506 | Temple   | Became a worshipper of Warmaster Okawaru
  7582 | D:4      | Found a sparkling altar of Nemelex Xobeh.
  8030 | D:9      | Found an opulent altar of Gozag.
  8138 | D:9      | Noticed a two-headed ogre
  8142 | D:9      | Killed a two-headed ogre
  8163 | D:9      | Found a burning altar of Makhleb.
  8170 | D:9      | Found a radiant altar of Vehumet.
  8177 | D:9      | Found a glowing silver altar of Zin.
  8180 | D:9      | Found a hazy altar of Hepliaklqana.
  8274 | D:9      | Reached * piety under Okawaru
  8302 | D:9      | Found Doylunn's One-of-a-Kind Rings.
  8464 | D:9      | Reached XP level 12. HP: 75/76 MP: 12/12
  8535 | D:9      | Found a runed translucent gate.
  8535 | D:9      | Found a runed translucent gate.
  8535 | D:9      | Found a runed translucent gate.
  8540 | D:9      | Noticed ooooo's ghost (novice OpCj)
  8703 | D:9      | Noticed a sun demon
  8705 | D:9      | Reached skill level 10 in Dodging
  8710 | D:9      | Killed ooooo's ghost
  8710 | D:9      | Reached ** piety under Okawaru
  8785 | D:10     | Entered Level 10 of the Dungeon
  8833 | D:10     | Found a flagged portal.
  8839 | Bailey   | Entered a bailey
  8946 | Bailey   | Found the +3 robe of Clouds {*Thunder rCloud rElec}
  9006 | Bailey   | Reached skill level 10 in Fighting
  9026 | Bailey   | Reached *** piety under Okawaru
  9632 | D:10     | Found a staircase to the Lair.
 10278 | D:11     | Identified the +0 sling of Anwuxy {flame, Str+3 SInv}
 10587 | D:11     | You fall into a shaft and drop 3 floors!
 10627 | D:14     | Noticed a two-headed ogre
 10627 | D:14     | Noticed a death knight
 10692 | D:14     | Noticed a yaktaur captain
 10692 | D:14     | Noticed a deep troll earth mage
 10746 | D:14     | Reached **** piety under Okawaru
 10776 | D:14     | Noticed a +5 long sword
 10789 | D:14     | Killed a +5 long sword
 10937 | D:12     | Noticed a boulder beetle
 10941 | D:12     | Killed a boulder beetle
 11018 | D:12     | Reached ***** piety under Okawaru
 11185 | D:11     | Reached XP level 13. HP: 84/84 MP: 13/13
 11762 | D:12     | Reached skill level 1 in Invocations
 11762 | D:12     | Reached skill level 1 in Evocations
 11849 | D:12     | Noticed a centaur warrior
 11857 | D:12     | Paralysed by a centaur for 3 turns
 11861 | D:12     | Killed a centaur warrior
 12207 | D:12     | Reached skill level 5 in Evocations
 12221 | D:12     | Found a staircase to the Orcish Mines.
 12625 | D:13     | Noticed Rupert
 12633 | D:13     | Annihilated by Rupert

Illustrated notes

Levels and vault maps discovered:
D:1:      kilobyte_arrival_exit_the_forest, layout_basic, serial_park_tiny_1
D:2:      minmay_skewed_foursquare, layout_basic
D:3:      layout_rooms, serial_shops, nicolae_shop_rolling_square, st_stairs_8,
          minmay_mini_jars
D:4:      layout_basic, mainiacjoe_overflow_chevrons, minmay_temple_entry_waves,
          serial_glass, glass_columns_b, glass_columns_a, glass_columns_a,
          glass_columns_c, glass_columns_c, glass_columns_a, serial_shops, shop,
          minmay_ruptured, uniq_blork_the_orc
D:5:      layout_basic, serial_shops,
          nicolae_shop_temple_entry_statues_fountains, grunt_decor_arrowhead
D:6:      layout_loops_ring, minitemple, kennysheep_decorative_pillar,
          supply_closet_lemuel, corexii_leaking_fountain
D:7:      layout_basic, mainiacjoe_overflow_concentric_impassable
D:8:      minmay_the_grid_triangle_9x9_rhombus_thin
          [minmay_the_grid_triangle_9x9_tough_junction,
          minmay_the_grid_triangle_9x9_prize_special,
          minmay_the_grid_triangle_9x9_skeleton,
          minmay_the_grid_triangle_9x9_steps], layout_layer_cave,
          nicolae_qazlal_style_of_elements
D:9:      layout_long_grid, amcnicky_altar_gilded,
          grunt_temple_overflow_cloverleaf, gammafunk_ghost_nasty_kobolds,
          nicolae_shop_unique_rings
D:10:     layout_gridville, lair_entry_dummy, enter_bailey_8, minmay_nine_imps
D:11:     lemuel_slime, layout_stronghold
D:12:     layout_roguey, david_orc_4, minivault_4, disabler_island
D:13:     layout_roguey, nicolae_the_louvre, uniq_rupert, uniq_maurice
D:14:     minmay_outward_triangles, layout_irregular_city, erik_vaults_1,
          serial_park_paths [serial_park_minivault_5x5_7]
Temple:   nicolae_temple_slightly_damp_pantheon

Skill      XL: |  1  2  3  4  5  6  7  8  9 10 11 12 13 |
---------------+----------------------------------------+-----
Ranged Weapons | 6 7 8 10 12 14 16 | 16.0
Stealth        | 4 8 11 13 14 | 14.0
Dodging        | 4 7 9 11 12 | 12.0
Fighting       | 4 6 9 11 12 | 12.0
Invocations    | 4 |  4.7
Evocations     | 5 |  5.1

Action                     |  1- 3 |  4- 6 |  7- 9 | 10-12 | 13-15 || total
---------------------------+-------+-------+-------+-------+-------++-------
  Melee: Dagger            |       |    22 |    11 |     2 |       ||    35
   Fire: Shortbow          |    86 |   215 |    67 |       |       ||   368
         Orcbow            |       |       |   124 |   434 |   127 ||   685
         Sling             |       |       |       |    10 |    12 ||    22
  Evoke: Wand              |       |       |       |       |     1 ||     1
    Use: Scroll            |       |       |    17 |     4 |     3 ||    24
         Potion            |       |       |     4 |       |       ||     4
 Armour: Leather armour    |    19 |    79 |    68 |    88 |       ||   254
         Robe              |       |       |    32 |    37 |    26 ||    95
  Dodge: Dodged            |    33 |    80 |   118 |   251 |    57 ||   539

Table legend: (Time is in decaauts)
 A = Elapsed time spent in this place.
 B = Non-inter-level travel time spent in this place.
 C = Inter-level travel time spent in this place.
 D = Time resting spent in this place.
 E = Time spent auto-exploring this place.
 F = Levels seen in this place.
 G = Mean time per level.
                   A        B        C        D        E       F      G
               +--------+--------+--------+--------+--------+-----+--------+
         Total |  12708 |  12084 |    624 |      0 |   9589 |  16 |  794.2 |
       Dungeon |  12306 |  11700 |    606 |      0 |   9395 |  14 |  879.0 |
        Temple |     54 |     36 |     18 |      0 |      0 |   1 |   54.0 |
        Bailey |    347 |    347 |      0 |      0 |    194 |   1 |  347.0 |
               +--------+--------+--------+--------+--------+-----+--------+

Top non-repeatable levels by time:
     D:8: 1280 daAuts
     D:4: 1198 daAuts
    D:11: 1176 daAuts
     D:7: 1144 daAuts
     D:5: 1057 daAuts
    D:12: 971 daAuts
    D:10: 932 daAuts
     D:3: 906 daAuts
     D:9: 876 daAuts
     D:2: 817 daAuts
     D:6: 782 daAuts
     D:1: 731 daAuts
  Bailey: 347 daAuts
    D:14: 245 daAuts
    D:13: 185 daAuts
